Map: [ESL] Goldenaura

Players

ShoWTimE

  • Race: Protoss Protoss
  • League: Master
  • Spawn Location: 5:00

SKillous - Winner!

  • Race: Protoss Protoss
  • League: Grandmaster
  • Spawn Location: 12:00

Event: HomeStory Cup XXV

VOD

Have the link to the VOD?

Description

Time

  • Played on: June 23, 2024, 11:19 a.m.
  • Length: 21:47

All games in this series

Show
View Real Time Build Order
Export as new Build Order

ShoWTimE Protoss 

Build Orders: Phoenix Opening, Blink Stalkers 

Get SALT Encoding   

  12  0:00  Probe  
  13  0:12  Probe  
  14  0:17  Pylon  
  14  0:24  Probe (Chrono Boost)  
  15  0:36  Probe (Chrono Boost)  
  15  0:37  Gateway  
  16  0:44  Probe (Chrono Boost)  
  16  0:47  Assimilator  
  17  0:50  Probe  
  18  1:03  Probe (Chrono Boost)  
  18  1:04  Assimilator  
  19  1:13  Gateway  
  19  1:14  Probe (Chrono Boost)  
  20  1:19  Probe (Chrono Boost)  
  20  1:24  Cybernetics Core  
  21  1:29  Probe  
  22  1:36  Pylon  
  22  1:41  Probe  
  23  1:54  Probe  
  24  2:00  Stalker x2  
  28  2:02  Warp Gate  
  28  2:06  Probe  
  29  2:14  Pylon  
  29  2:30  Stalker  
  29  2:32  Stalker  
  29  2:33  Probe  
  34  2:47  Probe  
  35  3:00  Nexus  
  35  3:02  Sentry  
  37  3:07  Probe  
  38  3:15  Twilight Council  
  38  3:22  Pylon  
  38  3:24  Probe  
  39  3:37  Phoenix  
  39  3:40  Probe (Chrono Boost)  
  40  3:46  Blink (Chrono Boost)  
  40  3:49  Probe (Chrono Boost)  
  40  3:54  Probe (Chrono Boost)  
  41  3:55  Adept x2  
  46  4:09  Probe (Chrono Boost)  
  47  4:13  Probe (Chrono Boost)  
  48  4:23  Probe x2 (Chrono Boost)  
  50  4:25  Stalker x2  
  50  4:28  Probe (Chrono Boost)  
  50  4:31  Probe  
  56  4:39  Shield Battery  
  56  4:40  Probe  
  56  4:43  Probe  
  58  4:49  Stalker x2  
  58  4:52  Pylon  
  62  4:55  Assimilator  
  62  5:05  Nexus  
  62  5:07  Pylon  
  62  5:08  Phoenix  
  62  5:10  Probe x2  
  62  5:13  Robotics Facility  
  64  5:19  Stalker  
  64  5:21  Stalker  
  68  5:23  Probe  
  68  5:26  Probe  
  70  5:32  Gateway  
  71  5:35  Probe  
  71  5:39  Probe (Chrono Boost)  
  71  5:40  Gateway  
  72  5:48  Probe (Chrono Boost)  
  73  5:50  Pylon  
  73  5:51  Probe (Chrono Boost)  
  75  5:57  Probe (Chrono Boost)  
  75  5:58  Forge, Probe (Chrono Boost)  
  75  6:02  Probe (Chrono Boost)  
  77  6:05  Probe  
  77  6:11  Stalker x2  
  80  6:14  Observer, Probe  
  80  6:15  Pylon  
  80  6:17  Probe  
  83  6:20  Charge (Chrono Boost)  
  83  6:22  Probe  
  83  6:25  Protoss Ground Weapons Level 1 (Chrono Boost)  
  84  6:26  Probe  
  84  6:29  Probe  
  86  6:34  Probe, Pylon  
  86  6:38  Probe  
  88  6:41  Probe  
  88  6:42  Stalker x4  
  88  6:46  Gateway, Observer, Probe  
  99  6:55  Gateway  
  99  6:57  Gateway  
  99  6:58  Shield Battery  
  99  7:04  Gateway  
  99  7:07  Immortal (Chrono Boost)  
  103  7:12  Pylon  
  103  7:16  Pylon  
  103  7:18  Nexus  
  103  7:26  Probe  
  103  7:27  Probe x2  
  106  7:33  Zealot x3  
  106  7:34  Warp Prism (Chrono Boost)  
  106  7:36  Phoenix  
  114  7:41  Zealot x2  
  118  7:47  Templar Archives  
  118  7:49  Pylon  
  118  7:57  Shield Battery  
  118  7:59  Zealot x5  
  118  8:05  Pylon  
  128  8:08  Probe  
  129  8:13  Immortal  
  129  8:16  Pylon  
  133  8:23  Shield Battery  
  133  8:26  High Templar x3  
  139  8:27  Zealot x2, High Templar  
  139  8:32  Archon  
  139  8:33  Shield Battery  
  145  8:38  Protoss Ground Weapons Level 2 (Chrono Boost)  
  144  8:50  Gateway  
  144  8:51  Zealot x4  
  144  8:53  Gateway, Photon Cannon  
  150  9:03  Zealot x4  
  150  9:05  Archon  
  153  9:20  Gateway  
  153  9:22  Gateway  
  153  9:23  High Templar  
  153  9:24  Zealot x3, Pylon, High Templar  
  149  9:37  Archon  
  135  9:39  Zealot x3  
  121  9:50  Stalker x3  
  109  9:57  Nexus  
  95  10:03  Stalker x4  
  89  10:09  Zealot  
  82  10:20  Zealot x3  
  82  10:32  Zealot x3  
  88  10:36  Probe x2  
  88  10:42  Zealot, High Templar x2  
  96  10:46  Archon  
  96  10:49  Observer (Chrono Boost)  
  97  10:51  Zealot  
  97  10:52  Zealot  
  97  10:56  Zealot x2  
  105  11:00  Pylon  
  105  11:01  Immortal (Chrono Boost)  
  105  11:05  Observer  
  109  11:14  Stalker x2  
  111  11:18  Zealot  
  111  11:19  Zealot x2  
  117  11:26  Zealot x3  
  123  11:36  Photon Cannon  
  119  11:46  Zealot x8  
  125  11:48  Immortal (Chrono Boost)  
  125  11:50  Protoss Ground Weapons Level 3 (Chrono Boost)  
  125  12:07  Zealot x6  
  137  12:12  Zealot x2  
  141  12:24  Immortal (Chrono Boost)  
  143  12:30  Zealot x5  
  143  12:32  Pylon  
  143  12:35  Zealot x2  
  147  12:49  Probe x3  
  142  12:56  Zealot x5  
  142  12:57  High Templar  
  142  12:58  High Templar  
  156  12:59  Warp Prism (Chrono Boost)  
  156  13:01  Archon  
  156  13:11  Zealot  
  142  13:16  Stalker x6  
  142  13:17  Zealot  
  156  13:23  Pylon  
  156  13:24  Zealot x2  
  160  13:29  Photon Cannon  
  160  13:39  Stalker x3  
  166  13:42  Zealot x3  
  166  13:47  Pylon  
  172  13:51  Zealot x3  
  172  13:55  Stalker  
  180  13:58  Stalker x2  
  184  14:10  Zealot x4  
  184  14:11  Zealot x2  
  178  14:20  Zealot x4  
  142  14:28  Zealot x2  
  120  14:33  Stalker x4  
  120  14:35  Protoss Ground Armor Level 1 (Chrono Boost)  
  120  14:37  Zealot x2  
  126  14:55  Zealot x6  
  134  15:01  Zealot x4  
  133  15:07  Stalker x2  
  137  15:17  Zealot x5  
  147  15:29  Zealot x3, High Templar x2  
  147  15:30  Pylon  
  147  15:34  Archon  
  147  15:35  Warp Prism (Chrono Boost)  
  157  15:43  Zealot  
  157  15:44  Zealot x3  
  165  15:51  Assimilator  
  165  15:53  Assimilator  
  165  15:56  Zealot x3  
  167  16:04  Observer  
  156  16:13  Stalker x2  
  158  16:20  Zealot x7, Pylon  
  168  16:40  Nexus  
  154  16:51  Zealot x7  
  154  16:53  Observer  
  150  16:56  High Templar  
  150  16:57  Zealot, High Templar  
  150  17:03  Archon  
  150  17:05  Zealot x2  
  152  17:09  Pylon  
  152  17:19  Pylon  
  152  17:20  Zealot x2  
  152  17:21  Zealot  
  158  17:25  Protoss Shields Level 1 (Chrono Boost)  
  158  17:26  Stalker x3  
  164  17:30  Observer  
  158  17:42  Shield Battery  
  158  17:43  Zealot x3  
  164  17:49  Pylon  
  164  17:54  Stalker x2  
  168  18:01  Zealot x3  
  172  18:09  Observer, Pylon  
  172  18:12  Zealot x3  
  179  18:27  Zealot x6  
  179  18:29  Observer (Chrono Boost)  
  179  18:32  Probe  
  179  18:33  Photon Cannon  
  193  18:37  Stalker x2  
  195  18:48  Stalker  
  195  18:49  Stalker  
  197  19:00  Stalker  
  199  19:08  Zealot  
  199  19:10  Nexus  
  199  19:13  Photon Cannon  
  199  19:14  Protoss Ground Armor Level 2 (Chrono Boost), Photon Cannon  
  199  19:30  Zealot x2  
  195  19:34  Stalker x3  
  195  19:36  Zealot x2  
  193  19:39  Zealot x4  
  193  19:40  Observer  
  194  19:49  Photon Cannon  
  184  19:57  Zealot x3  
  184  19:58  Zealot x3  
  190  20:03  Pylon  
  190  20:05  Nexus  
  190  20:18  Nexus  
  184  20:31  Stalker x6  
  178  20:37  Zealot x5  
  188  20:46  Probe  
  189  20:50  Pylon  
  187  21:01  Zealot x4  
  187  21:02  Zealot x4  
  101  21:24  Stalker x7  
Show
View Real Time Build Order
Export as new Build Order

SKillous Protoss - Winner!

Build Orders: Phoenix Opening 

Get SALT Encoding   

  12  0:00  Probe  
  13  0:12  Probe  
  14  0:17  Pylon  
  14  0:24  Probe (Chrono Boost)  
  15  0:36  Gateway, Probe (Chrono Boost)  
  16  0:44  Probe (Chrono Boost)  
  16  0:46  Assimilator  
  17  0:50  Probe  
  17  0:54  Assimilator  
  18  1:03  Probe (Chrono Boost)  
  19  1:08  Gateway  
  20  1:12  Probe (Chrono Boost)  
  20  1:17  Probe (Chrono Boost)  
  21  1:26  Cybernetics Core  
  21  1:30  Probe  
  22  1:37  Pylon  
  22  1:42  Probe  
  23  1:55  Probe  
  24  2:02  Stalker x2  
  24  2:04  Warp Gate  
  28  2:08  Probe  
  28  2:14  Pylon  
  29  2:21  Probe  
  30  2:27  Pylon  
  30  2:37  Sentry  
  32  2:54  Nexus  
  32  2:55  Probe  
  33  2:59  Sentry  
  35  3:06  Sentry  
  35  3:07  Phoenix  
  35  3:08  Probe  
  38  3:14  Robotics Facility  
  38  3:21  Pylon  
  38  3:24  Probe  
  39  3:39  Probe  
  40  3:52  Stalker x2  
  40  3:54  Probe  
  45  3:58  Warp Prism (Chrono Boost)  
  47  4:06  Probe (Chrono Boost)  
  49  4:12  Probe (Chrono Boost)  
  49  4:15  Probe (Chrono Boost)  
  50  4:17  Stalker, Sentry  
  50  4:19  Probe (Chrono Boost)  
  56  4:26  Twilight Council  
  56  4:27  Probe (Chrono Boost)  
  56  4:28  Observer  
  59  4:38  Probe (Chrono Boost)  
  59  4:40  Probe (Chrono Boost)  
  59  4:41  Pylon  
  58  4:48  Probe (Chrono Boost)  
  58  4:49  Probe (Chrono Boost)  
  59  4:53  Probe (Chrono Boost)  
  60  5:03  Nexus  
  60  5:04  Blink (Chrono Boost), Pylon  
  61  5:12  Immortal (Chrono Boost)  
  60  5:17  Shield Battery  
  60  5:18  Probe  
  60  5:19  Probe  
  66  5:25  Assimilator  
  66  5:27  Shield Battery  
  66  5:30  Probe  
  66  5:31  Probe  
  68  5:38  Forge  
  68  5:42  Probe  
  69  5:43  Probe  
  69  5:47  Immortal  
  74  5:54  Probe  
  74  5:55  Probe  
  75  6:06  Protoss Ground Weapons Level 1 (Chrono Boost), Pylon  
  75  6:07  Pylon  
  75  6:13  Pylon  
  75  6:16  Probe (Chrono Boost)  
  78  6:20  Probe x2 (Chrono Boost)  
  78  6:21  Stalker x2  
  78  6:25  Probe (Chrono Boost)  
  82  6:28  Probe (Chrono Boost)  
  82  6:30  Probe (Chrono Boost)  
  82  6:31  Immortal  
  87  6:34  Probe (Chrono Boost)  
  87  6:39  Probe (Chrono Boost)  
  88  6:43  Probe (Chrono Boost)  
  88  6:44  Stalker x2, Probe (Chrono Boost)  
  88  6:45  Probe (Chrono Boost)  
  94  6:51  Probe  
  95  6:54  Probe  
  95  6:57  Gateway  
  95  6:58  Gateway  
  96  7:02  Gateway x2  
  96  7:03  Resonating Glaives  
  96  7:04  Probe  
  96  7:05  Probe  
  96  7:07  Assimilator  
  98  7:09  Observer  
  99  7:16  Stalker x2  
  99  7:18  Gateway  
  99  7:20  Gateway  
  103  7:23  Pylon  
  103  7:25  Probe  
  103  7:26  Observer  
  103  7:28  Probe x2  
  108  7:40  Pylon  
  108  7:42  Pylon  
  108  7:52  Protoss Ground Weapons Level 2 (Chrono Boost)  
  108  7:55  Nexus  
  108  7:58  Stalker x3, Pylon  
  114  8:03  Immortal  
  116  8:10  Photon Cannon  
  116  8:12  Adept x2  
  120  8:19  Stalker x3  
  126  8:26  Photon Cannon  
  126  8:28  Pylon  
  126  8:29  Pylon  
  126  8:45  Adept x7  
  126  8:46  Adept  
  137  9:12  Adept x8  
  153  9:20  Photon Cannon  
  143  9:35  Stalker x8  
  129  9:46  Probe  
  116  9:58  Adept x7  
  116  9:59  Adept  
  120  10:03  Stalker x6  
  120  10:05  Probe (Chrono Boost)  
  120  10:06  Probe (Chrono Boost)  
  104  10:11  Probe (Chrono Boost)  
  102  10:17  Probe (Chrono Boost)  
  102  10:20  Probe (Chrono Boost)  
  94  10:23  Probe (Chrono Boost)  
  94  10:26  Warp Prism (Chrono Boost)  
  94  10:27  Stalker x5  
  104  10:33  Pylon  
  106  10:35  Stalker x2  
  106  10:38  Probe x3  
  106  10:39  Probe  
  106  10:42  Stalker  
  116  10:50  Probe  
  116  10:53  Nexus  
  116  10:54  Stalker x2, Pylon  
  116  10:56  Stalker  
  123  11:01  Stalker  
  125  11:04  Assimilator  
  125  11:08  Assimilator  
  125  11:18  Stalker x3  
  125  11:19  Stalker  
  125  11:24  Stalker  
  125  11:25  Stalker  
  137  11:30  Gateway  
  137  11:33  Gateway  
  137  11:35  Gateway  
  131  11:47  Stalker x6  
  131  11:49  Protoss Ground Weapons Level 3 (Chrono Boost)  
  131  11:50  Stalker  
  145  11:59  Gateway  
  145  12:04  Stalker  
  147  12:08  Photon Cannon  
  147  12:10  Shield Battery  
  147  12:15  Photon Cannon  
  147  12:17  Shield Battery  
  147  12:27  Charge (Chrono Boost), Stalker x4  
  155  12:31  Stalker  
  155  12:35  Observer, Pylon  
  158  12:39  Observer  
  154  12:49  Adept x6  
  154  12:51  Adept x3  
  162  12:53  Immortal (Chrono Boost)  
  155  13:15  Adept x10  
  175  13:22  Stalker x2  
  175  13:25  Immortal (Chrono Boost)  
  183  13:40  Zealot  
  185  13:44  Stalker x6  
  195  13:54  Observer (Chrono Boost)  
  196  13:57  Stalker x2  
  196  14:02  Protoss Shields Level 1 (Chrono Boost)  
  190  14:21  Warp Prism  
  190  14:22  Stalker x7  
  190  14:23  Stalker x2, Zealot x2  
  190  14:24  Zealot  
  144  14:48  Zealot x8  
  144  14:49  Zealot x4  
  152  15:11  Stalker x5  
  152  15:12  Stalker x6  
  170  15:25  Stalker  
  160  15:39  Stalker x9, Protoss Ground Armor Level 1 (Chrono Boost)  
  178  16:01  Nexus  
  178  16:03  Pylon  
  168  16:15  Stalker x8  
  184  16:24  Shield Battery, Photon Cannon  
  176  16:42  Stalker x7  
  176  16:43  Zealot x2  
  176  16:46  Pylon  
  172  16:56  Stalker x3  
  174  17:05  Zealot x3  
  174  17:06  Zealot x6  
  190  17:21  Stalker  
  190  17:24  Zealot x3  
  190  17:26  Adept x2  
  186  17:39  Protoss Ground Armor Level 2 (Chrono Boost)  
  186  17:42  Stalker x7  
  200  17:50  Assimilator  
  200  17:53  Nexus  
  200  17:54  Assimilator  
  200  18:06  Robotics Bay  
  200  18:09  Robotics Facility  
  200  18:26  Pylon  
  200  18:30  Robotics Facility  
  200  18:33  Pylon  
  200  18:34  Photon Cannon  
  198  18:54  Disruptor (Chrono Boost)  
  199  19:17  Disruptor  
  199  19:25  Shield Battery  
  199  19:28  Photon Cannon x2  
  145  19:41  Stalker x11, Disruptor x2 (Chrono Boost)  
  145  19:42  Stalker  
  160  19:59  Disruptor (Chrono Boost)  
  161  20:01  Assimilator  
  161  20:04  Assimilator  
  159  20:08  Disruptor x2  
  159  20:12  Zealot x12  
  191  20:22  Gravitic Boosters  
  191  20:28  Observer, Photon Cannon  
  188  20:30  Shield Battery  
  188  20:31  Pylon  
  185  20:38  Stalker  
  185  20:39  Zealot x6  
  199  20:46  Observer  
  200  21:00  Zealot x3  
  189  21:05  Zealot x3  
  189  21:06  Zealot x6  
  189  21:08  Disruptor  
  162  21:15  Probe  
  142  21:18  Stalker x5  
  142  21:19  Stalker x4  
  142  21:24  Probe  
  142  21:25  Probe x3  
  164  21:33  Pylon  
Tags
 
Add a new tag
Caveats
  • Supply blocks, unpowered buildings, or Contaminate may cause inaccurate times.
  • Supply counts are checked every 10 seconds.